 Dungeon Crawl Stone Soup version 0.25-a0-589-g1e14c549ee (webtiles) character file.

Game seed: 180213099865914663, levelgen mode: deterministic

1662 Kohma the Ruffian (level 8, -3/79 HPs)
             Began as a Troll Monk on Mar 11, 2020.
             Was an Elder of Makhleb.
             Slain by a hog (12 damage)
             ... on level 7 of the Dungeon.
             The game lasted 00:15:21 (4899 turns).

Kohma the Ruffian (Troll Monk)                      Turns: 4899, Time: 00:15:22

Health: -3/79      AC:  9    Str: 20    XL:     8   Next: 69%
Magic:  10/10      EV:  9    Int:  8    God:    Makhleb [****..]
Gold:   267        SH:  8    Dex: 12    Spells: 7/7 levels left

rFire    . . .     SeeInvis .     - Unarmed
rCold    + . .     Gourm    +   h - +0 kite shield
rNeg     . . .     Faith    .   a - +0 robe
rPois    +         Spirit   .   (helmet restricted)
rElec    .         Reflect  .   t - +2 cloak {MR+}
rCorr    .         Harm     .   (gloves unavailable)
MR       +....                  (boots unavailable)
Stlth    ++........             (no amulet)
HPRegen  0.63/turn              d - ring of poison resistance
MPRegen  0.12/turn              v - ring of protection from cold

@: no status effects
A: large, unfitting armour, claws 3, fast metabolism 3, gourmand, regeneration
1, shaggy fur 1, tough skin 3
a: Minor Destruction, Lesser Servant of Makhleb, Major Destruction, Renounce
Religion


You were on level 7 of the Dungeon.
You worshipped Makhleb.
Makhleb was greatly pleased with you.
You were very full.

You visited 2 branches of the dungeon, and saw 8 of its levels.

You collected 338 gold pieces.
You spent 71 gold pieces at shops.

Inventory:

Missiles
 f - 59 sling bullets
 g - 220 stones
 C - 19 poisoned darts (quivered)
Armour
 a - a +0 robe (worn)
 h - a +0 kite shield (worn)
 t - a +2 cloak of magic resistance (worn)
Jewellery
 d - a ring of poison resistance (left claw)
 v - a ring of protection from cold (right claw)
 w - an uncursed ring of fire
 y - an uncursed ring of see invisible
 z - a +3 amulet of reflection {unknown}
Wands
 c - a wand of acid (7)
 s - a wand of paralysis (8)
 D - a wand of random effects (21)
Scrolls
 e - a scroll of fear
 i - 3 scrolls of enchant armour
 j - a scroll of magic mapping
 k - 2 scrolls of fog
 m - 2 scrolls of teleportation
 n - 7 scrolls of remove curse
 o - 4 scrolls of amnesia
Potions
 l - a potion of flight
 p - 3 potions of heal wounds
 q - 4 potions of might
 r - a potion of invisibility {unknown}
 u - 2 potions of curing
 x - a potion of stabbing {unknown}
 A - a potion of ambrosia
 F - a potion of berserk rage {unknown}
Comestibles
 b - 14 rations
 E - 4 chunks of flesh


   Skills:
 + Level 4.9 Fighting
 - Level 3.1 Dodging
 - Level 1.0 Stealth
 * Level 3.0 Shields
 * Level 7.9 Unarmed Combat
 - Level 4.0 Invocations


You had 7 spell levels left.
You didn't know any spells.
Your spell library contained the following spells:

 Spells                   Type           Power        Failure   Level  Hunger
 Corona                   Hex            #......      85%         1    ##.....
 Ensorcelled Hibernation  Hex/Ice        #.....       94%         2    ###....
 Confusing Touch          Hex            #.......     99%         3    ####...
 Dazzling Flash           Conj/Hex       #.....       99%         3    ####...
 Tukima's Dance           Hex            #.......     99%         3    ####...


Dungeon Overview and Level Annotations

Branches:
Dungeon (7/15)             Temple (1/1) D:4

Altars:
Ashenzari
Cheibriados
Dithmenos
Elyvilon
Gozag
Kikubaaqudgha
Makhleb
Nemelex Xobeh
Okawaru
Qazlal
Ru
Sif Muna
Trog
Uskayaw
Vehumet
Xom
Yredelemnul
Zin
The Shining One

Shops:
D:4 *   D:6 %   D:7 *


Innate Abilities, Weirdness & Mutations

You are too large for most types of armour.
You have claws for hands.
Your metabolism is lightning-fast.
You like to eat raw meat.
Your natural rate of healing is unusually fast.
You are covered in fur. (AC +1)
You have extremely tough skin. (AC +3)


Message History

The hog is severely wounded.
You block the hog's attack. The hog barely misses you.
The hog closely misses you. The hog bites you.
You barely miss the hog.
The hog is heavily wounded.
You block the hog's attack. The hog bites you.
You claw the hog!
The hog is almost dead.
The hog closely misses you. The hog bites you.
You closely miss the hog.
The hog is almost dead.
The hog bites you. The hog bites you but does no damage.
You scratch the hog but do no damage.
The hog is almost dead.
The hog bites you!
* * * LOW HITPOINT WARNING * * *
The hog bites you but does no damage. The hog bites you!
* * * LOW HITPOINT WARNING * * *
The hog bites you!
You die...

........#...##
.............#
.>#..........#
..#.......######
.##...##..#.....
..#....#..#.....
..........###'#####
........###%...h#.##
........###%%.hh@..#
.........########..#
.........##.......##
.#.......###......#
.###..........#####
.# #..........#
.###......#####
.##........#
...........#


You could see 3 hogs.

Vanquished Creatures
  A hog (D:7)
  A human (D:7)
  Menkaure (D:4)
  2 centaurs
  A necrophage (D:5)
  A bullfrog (D:6)
  A scorpion (D:6)
  A quasit (D:7)
  A centaur skeleton (D:4)
  2 hounds
  7 orc priests
  Crazy Yiuf (D:2)
  A bullfrog zombie (D:5)
  5 orc wizards
  Ijyb (D:4)
  A gnoll shaman (D:5)
  An iguana (D:5)
  3 worker ants
  7 gnolls
  6 adders
  A shadow imp (D:6)
  An adder zombie (D:4)
  3 worms (D:2)
  2 leopard geckos
  11 orcs
  4 giant cockroaches
  3 goblins
  11 hobgoblins
  6 jackals
  9 kobolds
  3 quokkas
  A ball python (D:2)
  6 bats
  4 frilled lizards
  A leopard gecko skeleton (D:4)
  A quokka zombie (D:6)
  12 rats
  A bush (D:2)
125 creatures vanquished.

Notes
Turn   | Place    | Note
-------+----------+-------------------------------------------
     0 | D:1      | Kohma the Troll Monk began the quest for the Orb.
     0 | D:1      | Reached XP level 1. HP: 22/22 MP: 0/0
   228 | D:1      | Reached XP level 2. HP: 25/29 MP: 1/1
   358 | D:1      | You fall into a shaft and drop 1 floor!
   383 | D:2      | Reached XP level 3. HP: 36/36 MP: 2/2
   470 | D:2      | Found a burning altar of Makhleb.
   482 | D:2      | Became a worshipper of Makhleb the Destroyer
   482 | D:2      | Reached * piety under Makhleb
   482 | D:2      | Reached ** piety under Makhleb
   516 | D:2      | Reached XP level 4. HP: 44/44 MP: 3/3
   624 | D:2      | Reached skill level 4 in Unarmed Combat
  1481 | D:2      | Found a runed translucent door.
  1482 | D:2      | Noticed Crazy Yiuf
  1488 | D:2      | Killed Crazy Yiuf
  1575 | D:3      | Reached skill level 1 in Invocations
  1588 | D:3      | Reached XP level 5. HP: 53/53 MP: 4/4
  1727 | D:3      | Found an iron altar of Okawaru.
  1755 | D:3      | Reached skill level 5 in Unarmed Combat
  1758 | D:3      | Reached *** piety under Makhleb
  1762 | D:3      | Reached XP level 6. HP: 53/61 MP: 6/6
  2248 | D:3      | Found a glowing silver altar of Zin.
  2248 | D:3      | Found a shattered altar of Ashenzari.
  2559 | D:4      | Noticed Menkaure
  2569 | D:4      | Killed Menkaure
  2569 | D:4      | Reached skill level 6 in Unarmed Combat
  2569 | D:4      | Reached XP level 7. HP: 26/68 MP: 6/8
  2708 | D:4      | Found Tiuptad Esi's General Store.
  2716 | D:4      | Bought a scroll of fear for 38 gold pieces
  2716 | D:4      | Bought a scroll of teleportation for 33 gold pieces
  2718 | D:4      | Found a staircase to the Ecumenical Temple.
  2728 | Temple   | Entered the Ecumenical Temple
  2842 | D:4      | Noticed Ijyb
  2864 | D:4      | Killed Ijyb
  3277 | D:5      | Entered Level 5 of the Dungeon
  3666 | D:5      | Reached XP level 8. HP: 79/79 MP: 8/10
  3938 | D:5      | Reached skill level 7 in Unarmed Combat
  4106 | D:6      | Reached skill level 1 in Shields
  4175 | D:6      | Reached **** piety under Makhleb
  4405 | D:6      | Found Xaegeo's Food Boutique.
  4685 | D:7      | Found Zuciod's General Store.
  4709 | D:7      | Found a radiant altar of Vehumet.
  4709 | D:7      | Found a glowing golden altar of the Shining One.
  4709 | D:7      | Found a white marble altar of Elyvilon.
  4899 | D:7      | Slain by a hog

Levels and vault maps discovered:
D:1:      dpeg_arrival_snail, layout_basic, hex_medium
D:2:      layout_basic, makhleb_blood_cavern_becter, uniq_crazy_yiuf_cottage
D:3:      layout_basic, gammafunk_temple_overflow_elements,
          okawaru_metal_pillars_1_2
D:4:      layout_cave_pods, minmay_temple_entry_mini_moons, serial_shops, shop,
          first_ration, chequers_serial_rivers_micro_a, uniq_ijyb, uniq_menkaure
D:5:      layout_basic
D:6:      layout_rooms, serial_shops, shop, kennysheep_another_room
D:7:      lemuel_ratsnest, layout_cave_pools,
          chequers_temple_overflow_statue_of_worship, serial_column_ruins,
          column_ruins_open_small, column_ruins_grid_2, column_ruins_open_tiny,
          column_ruins_open_small, column_ruins_corridor_straight, serial_shops,
          shop_statue, grunt_livestock, trog_butcher_becter, uniq_prince_ribbit1
Temple:   eino_temple_lava

Skill      XL: |  1  2  3  4  5  6  7  8 |
---------------+-------------------------+-----
Dodging        | 3 |  3.1
Unarmed Combat | 4 5 6 7 |  7.9
Fighting       | 3 4 |  4.9
Invocations    | 1 2 4 |  4.0
Shields        | 3 |  3.0
Stealth        | |  1.0

Action                   |  1- 3 |  4- 6 |  7- 9 || total
-------------------------+-------+-------+-------++-------
Melee: Unarmed           |    61 |   188 |   160 ||   409
       Punch             |     1 |     1 |     4 ||     6
  Use: Scroll            |       |    11 |     9 ||    20
       Potion            |       |     2 |       ||     2
 Stab: Sleeping          |     1 |     2 |       ||     3
  Eat: Chunk             |     9 |    20 |    21 ||    50
Armor: Robe              |    34 |    61 |    69 ||   164
       Skin              |       |     3 |     3 ||     6
Dodge: Dodged            |    36 |    85 |    75 ||   196
Block: Kite shield       |       |       |    30 ||    30

Table legend:
 A = Non-vault XP
 B = Vault XP
 C = Vault XP percentage of total XP
 D = Non-vault monster count
 E = Vault monster count
 F = Vault count percentage of total count
                 A         B        C        D         E       F
            +---------+---------+-------+---------+---------+-------
      Total |    1695 |     680 |  28.6 |     118 |       6 |   4.8
            +---------+---------+-------+---------+---------+-------
        D:1 |      37 |       0 |   0.0 |      24 |       0 |   0.0
        D:2 |      69 |      82 |  54.3 |      21 |       2 |   8.7
        D:3 |     376 |       0 |   0.0 |      29 |       0 |   0.0
        D:4 |     168 |     214 |  56.0 |      14 |       2 |  12.5
        D:5 |     633 |       0 |   0.0 |      20 |       0 |   0.0
        D:6 |     209 |       0 |   0.0 |       7 |       0 |   0.0
        D:7 |     203 |     384 |  65.4 |       3 |       2 |  40.0
            +---------+---------+-------+---------+---------+-------
